 Dungeon Crawl Stone Soup version 0.17.1-1-g73c8601 (webtiles) character file.

91 Implojin the Ruffian (level 4, 0/44 HPs)
             Began as a Troll Monk on Apr 8, 2016.
             Slain by Sigmund
             ... wielding a +0 scythe
              (10 damage)
             ... on level 3 of the Dungeon.
             The game lasted 00:02:18 (402 turns).

Implojin the Ruffian (Troll Monk)                    Turns: 402, Time: 00:02:18

Health: 0/44       AC:  5    Str: 19    XL:     4   Next: 33%
Magic:  3/3        EV: 10    Int:  6    God:
Gold:   24         SH:  0    Dex: 13    Spells: 0 memorised, 3 levels left

rFire  . . .     SeeInvis .       - Unarmed
rCold  . . .     Clarity  .     a - +0 robe
rNeg   . . .     SustAt   .     (no shield)
rPois  .         Gourm    +     (helmet restricted)
rElec  .         Spirit   .     (no cloak)
rCorr  .         Warding  .     (gloves unavailable)
rMut   .         Stasis   .     (boots unavailable)
MR     .....                    (no amulet)
Stlth  +.........               (no ring)
                                (no ring)

@: confused, not resistant to hostile enchantments, very unstealthy
A: unfitting armour, claws 3, fast metabolism 3, gourmand, regeneration 2,
shaggy fur 1, tough skin 2
a: no special abilities


You were on level 3 of the Dungeon.
You were not hungry.

You visited 1 branch of the dungeon, and saw 3 of its levels.

You collected 24 gold pieces.

Inventory:

Armour
 a - a +0 robe (worn)
Scrolls
 c - a scroll of fog {unknown}
 d - a scroll of identify {unknown}
 e - 2 scrolls of magic mapping {unknown}
 f - a scroll of remove curse {unknown}
 g - a scroll of noise {unknown}
 h - a scroll of enchant armour {unknown}
 i - a scroll of fear {unknown}
 k - a scroll of immolation {unknown}
Comestibles
 b - 7 bread rations
 j - a royal jelly


   Skills:
 - Level 2.4 Fighting
 - Level 2.4 Dodging
 - Level 1.1 Stealth
 * Level 5.8 Unarmed Combat


You had 3 spell levels left.
You didn't know any spells.

Dungeon Overview and Level Annotations

Branches:
Dungeon (3/15)

Altars:

Annotations:
D:3 Sigmund


Innate Abilities, Weirdness & Mutations

You are too large for most types of armour.
You have claws for hands.
Your metabolism is lightning-fast.
You like to eat raw meat.
You heal very quickly.
You are covered in fur (AC +1).
You have very tough skin (AC +2).


Message History

The hobgoblin hits you with a club.
You claw the hobgoblin!
You kill the hobgoblin!
You start resting.
Something hits you!
There is an open door, spattered with blood here.
You miss something. Your claw misses something. Something hits you.
* * * LOW HITPOINT WARNING * * *
You claw something! You miss something. Something hits you.
* * * LOW HITPOINT WARNING * * *
You barely miss something. Something hits you.
* * * LOW HITPOINT WARNING * * *
You closely miss something. You miss something. Something hits you!
* * * LOW HITPOINT WARNING * * *
You closely miss something. You scratch something.
You hear some strange, mumbled words.
You are confused.
You scratch something.
You hear some strange, mumbled words.
You are more confused.
You're too confused to move!
You hear some strange, mumbled words.
Something tries to affect you, but you resist.
You miss something.
You hear some strange, mumbled words.
Something tries to affect you, but you resist.
You bump into the rock wall.
You hear some strange, mumbled words.
Something tries to affect you, but you resist.
Something hits you.
* * * LOW HITPOINT WARNING * * *
You bump into the rock wall.
Unknown command.
Something hits you.
* * * LOW HITPOINT WARNING * * *
There is an open door, spattered with blood here.
You're too confused to move!
Something hits you!
You die...

.. ... #.# ##.##.# ...
#.....# #.# ....# #.#
#.# ....# #.# #.# ....#
#.# +.+ ....# ##.# #.#
....###..# #.#
.....##..#######@#######
...............{........
...........#############
.......##### .......#
....$..# .......#
........ ..$......


There were no monsters in sight!

Vanquished Creatures
  The ghost of Implojin the Ruffian, a weakling VSMo (D:3)
  Robin (D:3)
  2 adders (D:3)
  An ooze (D:3)
  A worm (D:2)
  An orc (D:3)
  A giant cockroach (D:1)
  8 hobgoblins
  4 jackals (D:3)
  A bat (D:3)
  3 giant newts
  11 goblins
  5 kobolds
40 creatures vanquished.

Notes
Turn   | Place    | Note
--------------------------------------------------------------
     0 | D:1      | Implojin the Troll Monk began the quest for the Orb.
     0 | D:1      | Reached XP level 1. HP: 22/22 MP: 0/0
   102 | D:2      | Reached XP level 2. HP: 22/29 MP: 1/1
   210 | D:3      | Noticed Implojin's ghost (weakling VSMo)
   213 | D:3      | Noticed Robin
   224 | D:3      | Reached skill level 5 in Unarmed Combat
   226 | D:3      | Killed Implojin's ghost
   226 | D:3      | Reached XP level 3. HP: 36/36 MP: 2/2
   231 | D:3      | Killed Robin
   261 | D:3      | Reached XP level 4. HP: 31/44 MP: 3/3
   366 | D:3      | Noticed Sigmund
   402 | D:3      | Slain by Sigmund

Action                   |  1- 3 |  4- 6 || total
-------------------------+-------+-------++-------
Melee: Unarmed           |    63 |    32 ||    95
 Stab: Sleeping          |     1 |       ||     1
  Eat: Chunk             |     3 |       ||     3

Table legend:
 A = Turns spent in this place as a percentage of turns spent in the entire game.
 B = Non-inter-level travel turns spent in this place as a percentage of non-inter-level travel turns spent in the entire game.
 C = Inter-level travel turns spent in this place as a percentage of turns spent in this place.
 D = Turns resting spent in this place as a percentage of non-inter-level travel turns spent in this place.
 E = Turns spent auto-exploring this place as a percentage of non-inter-level travel turns spent in this place.
 F = Non-inter-level travel turns spent in this place divided by the number of levels of this place that you've seen.
                   A       B       C       D       E      F
               +-------+-------+-------+-------+-------+----------------------
         Total | 100.0 | 100.0 |   0.0 |   0.5 |   0.0 | 131.3
       Dungeon | 100.0 | 100.0 |   0.0 |   0.5 |   0.0 | 131.3
               +-------+-------+-------+-------+-------+----------------------

Table legend:
 A = Kills in this place as a percentage of kills in entire the game.
 B = Kills by you in this place as a percentage of kills by you in the entire game.
 C = Kills by friends in this place as a percentage of kills by friends in the entire game.
 D = Other kills in this place as a percentage of other kills in the entire game.
 E = Experience gained in this place as a percentage of experience gained in the entire game.
 F = Experience gained in this place divided by the number of levels of this place that you have seen.
                   A       B       C       D       E      F
               +-------+-------+-------+-------+-------+----------------------
         Total | 100.0 | 100.0 |  -nan |  -nan | 100.0 |  43.3
       Dungeon | 100.0 | 100.0 |  -nan |  -nan | 100.0 |  43.3
               +-------+-------+-------+-------+-------+----------------------
